 Dungeon Crawl Stone Soup version 0.14-a0-1863-gcc20582 (webtiles) character file.

194 Kae the Insei (level 4, 0/35 HPs)
             Began as a Draconian Transmuter on Jan 13, 2014.
             Hit by an exploding dart thrown by a kobold (1 damage)
             ... on Level 3 of the Dungeon.
             The game lasted 00:03:48 (2893 turns).

Kae the Insei (Draconian Transmuter)                Turns: 2893, Time: 00:03:48

HP   0/35        AC  5     Str 12      XL: 4   Next: 36%
MP   7/7         EV 12     Int 13      God:
Gold 101         SH  0     Dex 13      Spells:  3 memorised,  1 level left

rFire  . . .     SeeInvis .       - Unarmed
rCold  . . .     Clarity  .     (armour unavailable)
rNeg   . . .     Conserve .     (no shield)
rPois  .         rCorr    .     (helmet restricted)
rElec  .         rRot     .     (no cloak)
SustAb . .       Spirit   .     (no gloves)
rMut   .         Warding  .     (no boots)
Saprov . . .     Stasis   .     (no amulet)
MR     .....                    (no ring)
                                (no ring)

@: not resistant to hostile enchantments, unstealthy
A: unfitting armour, AC +5
a: no special abilities


You were on level 3 of the Dungeon.
You were not hungry.

You visited 1 branch of the dungeon, and saw 3 of its levels.

You collected 101 gold pieces.

Inventory:

Missiles
 b - 12 arrows
 q - a tomahawk (quivered)
Comestibles
 a - a bread ration
 f - 2 chunks of hobgoblin flesh
 k - an apple
 l - 12 sultanas
Scrolls
 e - 2 scrolls of identify
 g - a scroll of random uselessness
 h - a scroll of enchant weapon I
 i - a scroll of amnesia
 j - a scroll of remove curse {unknown}
 m - a scroll of magic mapping
Jewellery
 o - an uncursed ring of positive energy
Potions
 c - a potion of agility
Books
 d - a book of Changes

   Spells                             Type                      Level
   *Beastly Appendage                 Transmutation                1
   *Sticks to Snakes                  Transmutation                2
   *Spider Form                       Transmutation/Poison         3
   Ice Form                           Ice/Transmutation            4
   Blade Hands                        Transmutation                5


   Skills:
 - Level 1.1 Fighting
 - Level 1.7 Dodging
 + Level 5.2 Unarmed Combat
 - Level 2.0 Spellcasting
 - Level 2.0 Transmutations


You had one spell level left.
You knew the following spells:

 Your Spells              Type           Power        Failure   Level  Hunger
a - Beastly Appendage     Trmt           #.....       12%         1    ##.....
b - Sticks to Snakes      Trmt           #.........   17%         2    ###....
c - Spider Form           Trmt/Pois      #.........   52%         3    ####...


Dungeon Overview and Level Annotations

Branches:
Dungeon (3/16)

Altars:

Annotations:
D:3 Herrn's ghost, average DjFi


Message History

The goblin is heavily wounded.
The goblin hits you but does no damage. The kobold closely misses you.
The hobgoblin closely misses you.
You punch the goblin!
You kill the goblin!
The kobold hits you but does no damage.
The hobgoblin hits you with an orcish club.
You hit the hobgoblin.
The hobgoblin is severely wounded.
The kobold misses you. The hobgoblin closely misses you.
You closely miss the hobgoblin.
The hobgoblin is severely wounded.
The kobold hits you with a runed elven short sword.
You are electrocuted!
Ouch! That really hurt!
* * * LOW HITPOINT WARNING * * *
The hobgoblin hits you but does no damage.
You are too injured to fight recklessly!
The kobold throws an exploding dart.
The exploding dart hits you!
You die...

.........'......#
.........######.#.
######### #.#.#
#.#.# #.#.# #.#.#
#.#)# #.#.#
###@#)#######
#....g.......
#.#.#K#######
#.#..... # ###.###
.. ##


You could see a hobgoblin and a kobold.

Vanquished Creatures
  An orc wizard (D:3)
  An adder (D:2)
  A giant gecko (D:2)
  5 orcs (D:3)
  2 giant cockroaches
  11 goblins
  5 hobgoblins
  3 kobolds
  A quokka (D:3)
  7 bats
  4 giant newts
  4 jackals (D:1)
  2 rats (D:1)
47 creatures vanquished.

Notes
Turn   | Place    | Note
--------------------------------------------------------------
     0 | D:1      | Kae, the Draconian Transmuter, began the quest for the Orb.
     0 | D:1      | Reached XP level 1. HP: 16/16 MP: 3/3
   198 | D:1      | Reached XP level 2. HP: 12/23 MP: 2/4
   866 | D:1      | Reached skill level 4 in Unarmed Combat
  1184 | D:2      | Reached XP level 3. HP: 8/28 MP: 6/6
  1258 | D:2      | HP: 1/28 [poisoned by an adder]
  2278 | D:3      | Reached skill level 5 in Unarmed Combat
  2278 | D:3      | Reached XP level 4. HP: 13/35 MP: 5/7
  2755 | D:3      | Noticed Herrn's ghost (average DjFi)
  2809 | D:2      | Learned a level 2 spell: Sticks to Snakes
  2813 | D:2      | Learned a level 3 spell: Spider Form
  2892 | D:3      | HP: 1/35 [kobold/runed elven short sword (23)]
  2893 | D:3      | Hit by an exploding dart thrown by a kobold

Action                   |  1- 3 |  4- 6 || total
-------------------------+-------+-------++-------
Melee: Unarmed           |   195 |    12 ||   207
 Cast: Beastly Appendage |    13 |     2 ||    15
  Use: Potion            |     3 |     1 ||     4
       Scroll            |       |    10 ||    10
 Stab: Sleeping          |     1 |       ||     1
